 Dungeon Crawl Stone Soup version 0.28.0-53-g5a82cb258f (webtiles) character file.

Game seed: 4878201120371981108

6773 Zeld the Thaumaturge (level 10, -1/50 HPs)
             Began as a Deep Elf Conjurer on May 24, 2022.
             Was a Believer of Vehumet.
             Slain by a yak (12 damage)
             ... on level 10 of the Dungeon.
             The game lasted 00:15:43 (11561 turns).

Zeld the Thaumaturge (Deep Elf Conjurer)           Turns: 11561, Time: 00:15:44

Health: -1/50      AC:  6    Str:  4    XL:     10   Next: 76%
Magic:  6/30       EV: 12    Int: 28    God:    Vehumet [**....]
Gold:   39         SH:  0    Dex: 13    Spells: 26/37 levels left

rFire   . . .      SeeInvis .   a - +0 quarterstaff
rCold   . . .      Faith    .   (shield currently unavailable)
rNeg    . . .      Spirit   .   d - +0 robe {Archmagi}
rPois   +          Reflect  .   x - +1 helmet
rElec   .          Harm     .   p - +1 cloak {rPois}
rCorr   +          Rampage  .   (no gloves)
Will    +....      Archmagi +   (no boots)
Stlth   +++.......              A - amulet of Amelioration {Regen+ Stlth+}
HPRegen 0.96/turn               u - ring of resist corrosion
MPRegen 0.22/turn               s - ring of poison resistance

@: no status effects
A: no striking features
a: Renounce Religion


You were on level 10 of the Dungeon.
You worshipped Vehumet.
Vehumet was pleased with you.
You visited 2 branches of the dungeon, and saw 11 of its levels.

You collected 621 gold pieces.
You spent 582 gold pieces at shops.

Inventory:

Hand Weapons
 a - a +0 quarterstaff (weapon)
Armour
 d - a +0 robe of the Archmagi (worn)
 p - a +1 cloak of poison resistance (worn)
 x - a +1 helmet (worn)
Jewellery
 s - a ring of poison resistance (right hand)
 u - a ring of resist corrosion (left hand)
 A - the amulet of Amelioration (around neck) {Regen+ Stlth+}
   (You took it off an orc on level 8 of the Dungeon)

   [amulet of regeneration]

   Regen:     It increases your rate of health regeneration.
   Stlth:     It makes you more stealthy.
Wands
 y - a wand of iceblast (22)
 z - a wand of acid (10)
Scrolls
 c - 6 scrolls of identify
 e - 2 scrolls of summoning
 j - 6 scrolls of amnesia
 k - a scroll of immolation {unknown}
 m - a scroll of fear
 n - a scroll of magic mapping
 o - 2 scrolls of enchant weapon
 q - 5 scrolls of teleportation
 w - 2 scrolls of blinking
 B - a scroll of holy word
Potions
 b - a potion of ambrosia {unknown}
 f - a potion of magic {unknown}
 g - a potion of might
 h - 3 potions of curing {unknown}
 i - 2 potions of invisibility {unknown}
 l - 2 potions of flight {unknown}
 r - 3 potions of heal wounds {unknown}
 t - a potion of lignification {unknown}
 v - 3 potions of resistance {unknown}


   Skills:
 + Level 0.1 Fighting
 * Level 0.4 Staves
 + Level 2.5 Dodging
 + Level 2.5 Stealth
 - Level 14.0 Spellcasting
 - Level 14.0 Conjurations
 - Level 2.0 Hexes
 - Level 2.0 Translocations


You had 26 spell levels left.
You knew the following spells:

 Your Spells              Type           Power      Damage    Failure   Level
a - Magic Dart            Conj           100%       1d8       0%          1
b - Searing Ray           Conj           100%       2d8       0%          2
c - Fulminant Prism       Conj/Hex       38%        3d18      1%          4
d - Iskenderun's Mystic   Conj/Tloc      77%        2d15      1%          4

Your spell library contained the following spells:

 Spells                   Type           Power      Damage    Failure   Level
 Foxfire                  Conj/Fire      100%       2x1d9     1%          1
 Dazzling Flash           Conj/Hex       100%       N/A       1%          3
 Mephitic Cloud           Conj/Pois/Air  62%        N/A       1%          3
 Summon Small Mammal      Summ           100%       N/A       2%          1
 Summon Guardian Golem    Hex/Summ       37%        N/A       5%          3
 Orb of Destruction       Conj           49%        9d13      7%          7
 Call Canine Familiar     Summ           29%        N/A       8%          3
 Ignite Poison            Fire/Tmut/Pois 29%        N/A       8%          3
 Freezing Cloud           Conj/Ice/Air   31%        6-21      11%         5
 Iron Shot                Conj/Erth      36%        9d7       22%         6
 Animate Armour           Summ/Erth      58%        N/A       26%         4
 Blade Hands              Tmut           14%        N/A       58%         5
 Spellforged Servitor     Conj/Summ      36%        N/A       77%         7
 Chain Lightning          Conj/Air       36%        3d48      100%        9
 Fire Storm               Conj/Fire      36%        8d9       100%        9
 Shatter                  Erth           14%        3d14*     100%        9


Dungeon Overview and Level Annotations

Branches:
Dungeon (10/15)            Temple (1/1) D:7
   Lair: D:8-11         Orc: D:9-12

Altars:
Ashenzari
Cheibriados
Dithmenos
Elyvilon
Fedhas
Gozag
Hepliaklqana
Kikubaaqudgha
Makhleb
Nemelex Xobeh
Okawaru
Qazlal
Ru
Sif Muna
Trog
Uskayaw
Vehumet
Xom
Yredelemnul
Zin
The Shining One

Shops:
D:4 *   D:10 =

Annotations:
D:6 3 runed translucent doors, Golfball's ghost, novice GrFi; Zeld's ghost, novice DEFE
D:9 2 transporters


Message History

The yak is severely wounded.
The yak is knocked back by the mystic blast.
The mystic blast hits the two-headed ogre!!
You kill the two-headed ogre!
Vehumet accepts your kill.
Training target 14.0 for Conjurations reached!
Your Conjurations skill increases to level 14!
You need to enable at least one skill for training.
Casting: Iskenderun's Mystic Blast (dangerous; 1% risk of failure)
Confirm with . or Enter, or press ? or * to list all spells.
You don't have enough magic to cast this spell.
Unknown command.
Unknown command.
q - 5 scrolls of teleportation (gained 1)
c - 2 scrolls of identify (gained 1);
c - 3 scrolls of identify (gained 1)
c - 6 scrolls of identify (gained 3);
w - 2 scrolls of blinking (gained 1)
m - a scroll of fear;
n - a scroll of magic mapping
j - 5 scrolls of amnesia (gained 1);
B - a scroll of holy word
j - 6 scrolls of amnesia (gained 1) Thank you for shopping at Huzasch's Magic Scroll Shop!
The yak gores you! The yak gores you. The yak gores you but does no damage.
There is a stone staircase leading up here.
An acid dragon comes into view.
The acid dragon roars!
The acid dragon spits acid at you. The splash of acid hits you! You resist.
The yak barely misses you. The yak gores you but does no damage.
There is a stone staircase leading down here.
The yak gores you! The yak gores you.
You hit the yak but do no damage.
The yak is severely wounded.
The yak barely misses you. The yak gores you.
* * * LOW HITPOINT WARNING * * *
Unknown command.
The yak gores you.
* * * LOW HITPOINT WARNING * * *
The yak gores you!
You die...

,,,***************#...# *, ,,,*
#...# *, ,,,* #...# *, ,,,* #...#
*, ,,,* #######...# *,
,,,**########8#8#8#...#########*,
,,,,,..........................,,
,,,,,........>YY.<......)......,,
,,,,,.......D...@...)).........,,
,,,,,...#####8#8#8.............,,
,,,,,..,* ######.............,,
,,,,,.,,* #...).........,,
,,,,,,,,* #...∩.........,,
,,,,,,,,* #.............,,
,,,,,,,,* #.............,,
,,,,,,,,*********#...........,,,,
,,,,,,,,,,,,,,,,.............,,,,


You could see 2 yaks and an acid dragon.

Vanquished Creatures
  2 two-headed ogres
  Pikel (D:9)
  A kobold demonologist (D:6)
  A komodo dragon (D:9)
  Grinder (D:5)
  2 yaks
  A wyvern (D:5)
  2 water moccasins
  2 black bears
  2 ice beasts
  2 orc warriors
  5 centaurs
  9 necrophages
  An ogre (D:4)
  2 lemures (D:9)
  2 kobold brigands
  A bullfrog (D:9)
  2 gnoll sergeants
  A water moccasin skeleton (D:4)
  A killer bee (D:8)
  15 wights
  A howler monkey (D:8)
  5 centaur zombies
  7 hounds
  A centaur skeleton (D:5)
  An orc priest (D:6)
  A bullfrog skeleton (D:3)
  3 iguanas
  An orc wizard (D:9)
  A killer bee zombie (D:6)
  2 howler monkey zombies
  4 mummies (D:9)
  13 gnolls
  8 adders
  A shadow imp (D:6)
  An ufetubus (D:5)
  2 adder skeletons
  A worm (D:2)
  A dart slug (D:1)
  15 orcs
  2 endoplasms (D:2)
  3 giant cockroaches
  4 goblins
  10 hobgoblins
  4 quokkas
  6 ball pythons
  8 bats
  2 frilled lizards
  12 kobolds
  3 rats
179 creatures vanquished.

Vanquished Creatures (others)
  7 withered plants
7 creatures vanquished.

Grand Total: 186 creatures vanquished

Notes
Turn   | Place    | Note
-------+----------+-------------------------------------------
     0 | D:1      | Zeld the Deep Elf Conjurer began the quest for the Orb.
     0 | D:1      | Reached XP level 1. HP: 10/10 MP: 6/6
   210 | D:1      | Reached XP level 2. HP: 13/15 MP: 0/8
   329 | D:1      | Learned a level 2 spell: Searing Ray
   409 | D:1      | Found a faded altar of an unknown god.
   541 | D:1      | Reached skill level 1 in Hexes
   888 | D:1      | Reached skill level 1 in Translocations
   998 | D:2      | Reached XP level 3. HP: 19/19 MP: 7/10
  1390 | D:2      | Reached skill level 5 in Conjurations
  2050 | D:2      | Reached XP level 4. HP: 24/24 MP: 10/12
  2106 | D:3      | Found a shimmering altar of Xom.
  2149 | D:3      | Learned a level 4 spell: Fulminant Prism
  2154 | D:3      | Learned a level 4 spell: Iskenderun's Mystic Blast
  2989 | D:3      | Reached XP level 5. HP: 23/28 MP: 7/14
  3190 | D:3      | Reached skill level 5 in Spellcasting
  3708 | D:4      | Noticed an ogre
  3716 | D:4      | Killed an ogre
  4180 | D:4      | Found Evinu's Serpentskin Sales.
  4180 | D:4      | Noticed a water moccasin
  4183 | D:4      | Reached XP level 6. HP: 28/32 MP: 12/16
  4183 | D:4      | Killed a water moccasin
  4187 | D:4      | Bought a +1 cloak of poison resistance for 162 gold pieces
  4522 | D:5      | Entered Level 5 of the Dungeon
  4671 | D:5      | Reached XP level 7. HP: 30/36 MP: 11/19
  4793 | D:5      | Noticed a wyvern
  4804 | D:5      | Killed a wyvern
  4974 | D:5      | Found a sparkling altar of Nemelex Xobeh.
  5025 | D:5      | Reached XP level 8. HP: 41/41 MP: 15/22
  5136 | D:5      | Noticed Grinder
  5139 | D:5      | Paralysed by Grinder for 7 turns
  5150 | D:5      | Killed Grinder
  5900 | D:6      | Reached skill level 10 in Spellcasting
  6043 | D:6      | Found a runed translucent gate.
  6043 | D:6      | Found a runed translucent gate.
  6043 | D:6      | Found a runed translucent gate.
  6063 | D:6      | Noticed a kobold demonologist
  6070 | D:6      | Noticed a rust devil
  6071 | D:6      | Noticed a hellwing
  6499 | D:6      | Killed a kobold demonologist
  6500 | D:6      | Reached skill level 10 in Conjurations
  6500 | D:6      | Reached XP level 9. HP: 42/45 MP: 14/25
  6943 | D:6      | Noticed Golfball's ghost (novice GrFi)
  6943 | D:6      | Noticed Zeld's ghost (novice DEFE)
  7138 | D:7      | Found a staircase to the Ecumenical Temple.
  7149 | Temple   | Entered the Ecumenical Temple
  7282 | Temple   | Became a worshipper of Vehumet
  8954 | D:8      | Identified the amulet of Amelioration {Regen+ Stlth+}
  9382 | D:8      | Found a white marble altar of Elyvilon.
  9642 | D:8      | Reached * piety under Vehumet
  9642 | D:8      | Offered knowledge of Sandblast by Vehumet.
  9978 | D:9      | Noticed a komodo dragon
  9980 | D:9      | Found a transporter.
  9997 | D:9      | Killed a komodo dragon
  9998 | D:9      | Reached XP level 10. HP: 31/50 MP: 10/29
 10129 | D:9      | Noticed a red ugly thing
 10129 | D:9      | Noticed a green ugly thing
 10420 | D:9      | Noticed Pikel
 10434 | D:9      | Killed Pikel
 10776 | D:9      | Noticed a two-headed ogre
 10787 | D:9      | Killed a two-headed ogre
 11065 | D:9      | Reached ** piety under Vehumet
 11133 | D:9      | Found a transporter.
 11462 | D:10     | Entered Level 10 of the Dungeon
 11514 | D:10     | Found Egish's Jewellery Shoppe.
 11514 | D:10     | Found Huzasch's Magic Scroll Shop.
 11527 | D:10     | Noticed a two-headed ogre
 11545 | D:10     | Offered knowledge of Foxfire by Vehumet.
 11545 | D:10     | Killed a two-headed ogre
 11546 | D:10     | Bought a scroll of teleportation for 30 gold pieces
 11546 | D:10     | Bought a scroll of identify for 20 gold pieces
 11546 | D:10     | Bought a scroll of identify for 20 gold pieces
 11546 | D:10     | Bought 3 scrolls of identify for 60 gold pieces
 11546 | D:10     | Bought a scroll of blinking for 75 gold pieces
 11546 | D:10     | Bought a scroll of fear for 35 gold pieces
 11546 | D:10     | Bought a scroll of magic mapping for 35 gold pieces
 11546 | D:10     | Bought a scroll of amnesia for 35 gold pieces
 11546 | D:10     | Bought a scroll of holy word for 75 gold pieces
 11546 | D:10     | Bought a scroll of amnesia for 35 gold pieces
 11561 | D:10     | Slain by a yak

Illustrated notes

Levels and vault maps discovered:
D:1:      dpeg_arrival_morbid_curiosity, layout_rooms,
          shapermc_ecumenical_altar_starsandcircs, minmay_misc_feat_rows,
          wander_ebering_terrifying_dragon_lair
D:2:      layout_loops_ring, minivault_27
D:3:      layout_loops_cross, mainiacjoe_overflow_cross_hatched,
          kennysheep_generic_room_2
D:4:      layout_gridville, guppyfry_shop_venom
D:5:      layout_cave_pools, mainiacjoe_overflow_catwalk, feat_on_display,
          uniq_grinder
D:6:      layout_basic, gammafunk_ghost_cemetery,
          minmay_fractal_squares_diagonal_5
D:7:      layout_layer_cave, lemuel_temple_firewalk_b
D:8:      layout_basic, elyvilon_altar_1, minmay_joined_circles
D:9:      gammafunk_corrupted_shrine, layout_irregular_city, serial_undead,
          serial_undead_c, serial_undead_f, serial_undead_c, serial_undead_d,
          serial_undead_f, serial_undead_a, kennysheep_small_square, uniq_pikel
D:10:     layout_long_grid, nicolae_wu_jian_wuxing_cycle, serial_shops,
          nicolae_stop_n_shop_2, shop, enter_bailey_3, uniq_maggie, uniq_harold
Temple:   mainiacjoe_temple_coin_purse

Skill      XL: |  1  2  3  4  5  6  7  8  9 10 |
---------------+-------------------------------+-----
Hexes          | 1 2 |  2.0
Translocations | 1 2 |  2.0
Spellcasting   | 4 5 6 8 10 13 14 | 14.0
Conjurations   | 5 6 8 10 11 14 | 14.0
Fighting       | |  0.1
Staves         | |  0.4
Dodging        | |  2.5
Stealth        | |  2.5

Action                   |  1- 3 |  4- 6 |  7- 9 | 10-12 || total
-------------------------+-------+-------+-------+-------++-------
Melee: Unarmed           |     3 |     5 |       |       ||     8
       Dagger            |       |    16 |       |       ||    16
       Quarterstaff      |       |     8 |    20 |    10 ||    38
 Cast: Magic Dart        |    38 |       |       |       ||    38
       Searing Ray       |    15 |    29 |    40 |    11 ||    95
       Iskenderun's Myst |       |     1 |    59 |    35 ||    95
  Use: Scroll            |       |       |       |     8 ||     8
Armor: Robe              |     2 |    10 |    15 |    13 ||    40
Dodge: Dodged            |     7 |    38 |    66 |    26 ||   137
